 Dungeon Crawl Stone Soup version 0.30-a0-341-g682706514a (webtiles) character file.

Game seed: 7559376871899792165

20468 Pooter the Severer (level 12, -10/104 HPs)
             Began as a Minotaur Berserker on Nov 2, 2022.
             Was an Elder of Trog.
             Mangled by a death yak (12 damage)
             ... on level 2 of the Lair of Beasts on Nov 3, 2022.
             The game lasted 01:05:47 (12331 turns).

Pooter the Severer (Minotaur Berserker)            Turns: 12331, Time: 01:05:47

Health: -10/104    AC: 16    Str: 27    XL:     12   Next: 45%
Magic:  11/11      EV:  7    Int:  4    God:    Trog [****..]
Gold:   360        SH:  0    Dex: 10    Spells: 11/11 levels left

rFire   + . .      SeeInvis .    a - +6 executioner's axe (flame)
rCold   . . .      Faith    .    (shield currently unavailable)
rNeg    . . .      Spirit   .    u - +2 plate armour
rPois   +          Reflect  .    N - +2 hat {Will+}
rElec   .          Harm     .    (no cloak)
rCorr   .          Rampage  .    p - +0 pair of gloves
Will    +++..                    (no boots)
Stlth   ..........               (no amulet)
HPRegen 1.37/turn                F - ring of protection from fire
MPRegen 0.12/turn                P - ring of poison resistance

@: mighty, strong-willed, on berserk cooldown, regenerating, hasted and slowed
A: horns 2, retaliatory headbutt
a: Renounce Religion, Berserk, Trog's Hand, Brothers in Arms


You were on level 2 of the Lair of Beasts.
You worshipped Trog.
Trog was greatly pleased with you.
You visited 2 branches of the dungeon, and saw 12 of its levels.
You also visited: Sewer.

You collected 900 gold pieces.
You spent 540 gold pieces at shops.

Inventory:

Hand Weapons
 a - a +6 executioner's axe of flaming (weapon)
   (You acquired it on level 7 of the Dungeon)
 b - a +2 arbalest of freezing
   (You bought it in a shop on level 6 of the Dungeon)
 H - a +4 dire flail
   (You took it off a wight on level 10 of the Dungeon)
 K - a +1 battleaxe of freezing
   (You took it off a wight on level 6 of the Dungeon)
Missiles
 k - a boomerang of dispersal {!f}
 n - 11 poisoned darts
 x - 2 atropa-tipped darts
 z - a throwing net {!f}
 A - a javelin
 B - a silver boomerang
 G - 9 boomerangs (quivered)
 O - a curare-tipped dart
 Q - 119 stones
Armour
 c - a +0 buckler
   (You found it on level 1 of the Dungeon)
 p - a +0 pair of gloves (worn)
   (You found it on level 1 of the Lair of Beasts)
 u - a +2 plate armour (worn)
   (You found it on level 5 of the Dungeon)
 N - a +2 hat of willpower (worn)
   (You took it off Gastronok on level 2 of the Lair of Beasts)
 V - the +10 tower shield of Ignorance {rN+ Int-4}
   (You found it on level 10 of the Dungeon)

   Int:       It affects your intelligence (-4).
   rN:        It protects you from negative energy.
Jewellery
 F - a ring of protection from fire (left hand)
   (You found it on level 2 of the Dungeon)
 P - a ring of poison resistance (right hand)
   (You found it on level 5 of the Dungeon)
Wands
 d - a wand of iceblast (2)
   (You found it on level 1 of the Lair of Beasts)
 f - a wand of flame (38)
   (You found it on level 5 of the Dungeon)
 q - a wand of charming (5)
   (You found it on level 5 of the Dungeon)
 D - a wand of digging (6)
   (You took it off a gnoll on level 10 of the Dungeon)
 L - a wand of polymorph (13)
   (You found it on level 8 of the Dungeon)
 M - a wand of mindburst (7)
   (You found it on level 8 of the Dungeon)
Scrolls
 g - a scroll of immolation {!r}
 j - 3 scrolls of fear
 o - a scroll of amnesia {unknown}
 t - 2 scrolls of teleportation {@r4}
 y - a scroll of magic mapping
 I - a scroll of summoning
 J - a scroll of silence
 T - a scroll of noise {!r}
 W - a scroll of vulnerability {unknown}
Potions
 e - 4 potions of flight
 h - 2 potions of cancellation
 i - a potion of brilliance {unknown}
 l - 3 potions of haste {@q3}
 m - 3 potions of invisibility {unknown}
 r - 5 potions of attraction {!q}
 s - 5 potions of lignification {!q}
 v - 9 potions of curing {@q1}
 w - 5 potions of heal wounds {@q2}
 C - a potion of berserk rage {unknown}
 E - a potion of mutation {unknown}
 R - 4 potions of might
 S - a potion of resistance {unknown}


   Skills:
 + Level 9.3 Fighting
 * Level 20.3 Axes
 + Level 7.8 Ranged Weapons
 - Level 2.4 Armour
 - Level 2.1 Dodging
 + Level 5.0 Evocations


You had 11 spell levels left.
You didn't know any spells.
Your spell library was empty.

Dungeon Overview and Level Annotations

Branches:
Dungeon (10/15)            Temple (0/1) D:5            Lair (2/5) D:9
    Orc (0/2) D:10          Sewer (visited)
  Swamp: Lair:2-3    Shoals: Lair:2-3     Snake: Lair:2-3    Spider: Lair:2-3

Altars:
Fedhas
Gozag
Hepliaklqana
Kikubaaqudgha
Makhleb
Nemelex Xobeh
Qazlal
Ru
Sif Muna
Vehumet
Wu Jian
Yredelemnul
Zin
The Shining One

Shops:
D:5 (   D:6 (   D:10 !(

Portals:
Abyss: D:10

Annotations:
D:7 3 runed translucent doors, KennySheep's ghost, novice DgCj
D:10 2 transporters, eyols's ghost, novice OpTm


Innate Abilities, Weirdness & Mutations

You have a pair of horns on your head.
You reflexively headbutt those who attack you in melee.


Message History

You are exhausted.
You feel yourself slow down.
You feel yourself speed up.
Found a scroll labelled SENOTEV HUO.
The death yak gores you!! The death yak attacks as you move away!
The death yak gores you!
Aim: a death yak (chance to affect: 5%)
Okay, then.
You feel very mighty all of a sudden. The death yak barely misses you.
Your skin crawls.
You feel strong-willed. The death yak gores you!
You slice the death yak!! You burn the death yak! You slash the death yak!
You burn the death yak. You hit the death yak. You burn the death yak.
You barely miss the death yak. The death yak closely misses you.
You furiously retaliate!
You headbutt the death yak!! The death yak completely misses you.
You furiously retaliate!
You headbutt the death yak. The death yak gores you!
You slash the death yak! You burn the death yak. You barely miss the death yak.
You slash the death yak! You burn the death yak! You slash the death yak!
You burn the death yak. You slice the death yak!! You burn the death yak!
The death yak gores you!
* * * LOW HITPOINT WARNING * * *
The death yak gores you!
* * * LOW HITPOINT WARNING * * *
The death yak barely misses you. You furiously retaliate!
You headbutt the death yak! The death yak completely misses you.
The death yak closely misses you.
You cut the death yak into ribbons!!! You burn the death yak!!
You kill the death yak!
Trog accepts your kill.
You hit the death yak. You burn the death yak.
You hit the death yak but do no damage. You barely miss the death yak.
You hit the death yak. You burn the death yak. The death yak gores you!!
* * * LOW HITPOINT WARNING * * *
The death yak gores you.
* * * LOW HITPOINT WARNING * * *
The death yak gores you!!
* * * LOW HITPOINT WARNING * * *
The death yak closely misses you. You furiously retaliate!
You headbutt the death yak!
Your Evocations skill increases to level 5!
You slash the death yak! You burn the death yak.
You kill the death yak!
Trog accepts your kill.
You hit the death yak. You burn the death yak. You slash the death yak!
You burn the death yak. You slash the death yak! You burn the death yak.
The death yak gores you!
You die...

.#.# ##......... .
....# #......... .
.....####.........
.
..................
. #...............
#.........##.... #
#........##....# #
#...Y†.........# #
###.Y@Y.....? ..
#...........
#.........#..
#.........####
#.........#########
##........#.♣.....#
.........#......(#
#.........#.......#
#.......# ###


You could see 3 death yaks.

Vanquished Creatures
  Gastronok (Lair:2)
  The ghost of ytrimaz the Cleaver, a journeyman FoFi of Okawaru (Lair:2)
  A catoblepas (Lair:1)
  Erica (D:8)
  2 death yaks (Lair:2)
  A deep elf pyromancer (D:7)
  A cyclops (D:7)
  A gargoyle (D:7)
  3 cane toads
  2 komodo dragons
  2 polar bears
  A troll (D:7)
  4 blink frogs (Lair:1)
  2 shadows
  2 wyverns
  A wraith (D:10)
  A basilisk (Lair:1)
  39 yaks
  2 steam dragons
  A vampire mosquito (D:7)
  A water moccasin (Lair:1)
  Duvessa (D:7)
  6 black bears
  A hornet zombie (D:7)
  2 orc warriors
  2 sky beasts
  Pargi (Sewer)
  3 ice beasts
  3 centaurs (D:8)
  3 ogres
  6 wolves (Lair:2)
  2 phantoms
  A kobold brigand (D:9)
  5 bullfrogs
  4 necrophages (D:7)
  A gnoll sergeant (D:10)
  A scorpion (D:5)
  14 wights
  Dowan (D:7)
  4 killer bees
  2 jellies
  2 electric eels (Lair:1)
  4 howler monkeys
  A bullfrog zombie (D:7)
  5 hounds
  2 centaur zombies (D:7)
  3 orc priests (D:6)
  A human zombie (D:7)
  2 iguanas
  Terence (D:2)
  11 orc wizards
  2 killer bee zombies (D:7)
  A mummy (D:7)
  7 adders
  6 gnolls
  3 shadow imps
  2 white imps
  2 ufetubi
  A worm (D:2)
  A dart slug (D:2)
  38 orcs
  6 endoplasms
  4 giant cockroaches (D:3)
  4 goblins
  8 hobgoblins
  2 jackals (D:4)
  15 kobolds
  2 quokkas
  3 training dummies (D:5)
  5 ball pythons
  5 bats (D:1)
  3 frilled lizards (D:3)
  7 rats
292 creatures vanquished.

Vanquished Creatures (collateral kills)
  3 yaks (Lair:1)
  An orc priest (D:7)
  An orc (D:7)
5 creatures vanquished.

Vanquished Creatures (others)
  A komodo dragon (Lair:1)
  A gnoll (D:7)
  12 fungi
  11 plants
25 creatures vanquished.

Grand Total: 322 creatures vanquished

Notes
Turn   | Place    | Note
-------+----------+-------------------------------------------
     0 | D:1      | Pooter the Minotaur Berserker began the quest for the Orb.
     0 | D:1      | Reached XP level 1. HP: 19/19 MP: 0/0
    87 | D:1      | Reached skill level 4 in Axes
   158 | D:1      | Reached XP level 2. HP: 25/27 MP: 1/1
   724 | D:2      | Reached XP level 3. HP: 33/33 MP: 2/2
   777 | D:2      | Noticed Terence
   794 | D:2      | Killed Terence
   795 | D:2      | Reached skill level 5 in Axes
   962 | D:2      | Reached XP level 4. HP: 41/41 MP: 3/3
  1842 | D:3      | Found a glowing drain.
  1858 | Sewer    | Entered a sewer
  1972 | Sewer    | Noticed Pargi
  1977 | Sewer    | Killed Pargi
  1978 | Sewer    | Reached skill level 5 in Fighting
  1978 | Sewer    | Reached skill level 6 in Axes
  1978 | Sewer    | Reached XP level 5. HP: 48/48 MP: 4/4
  2131 | D:3      | Noticed a sky beast
  2151 | D:3      | Reached ** piety under Trog
  2154 | D:3      | Killed a sky beast
  2155 | D:3      | Reached skill level 7 in Axes
  2155 | D:3      | Reached XP level 6. HP: 57/57 MP: 5/5
  2610 | D:3      | Reached skill level 8 in Axes
  2610 | D:3      | Reached XP level 7. HP: 27/63 MP: 6/6
  2773 | D:4      | Found a glowing golden altar of the Shining One.
  2899 | D:4      | Found an opulent altar of Gozag.
  3417 | D:5      | Entered Level 5 of the Dungeon
  3689 | D:5      | Found an ornate altar of the Wu Jian Council.
  3707 | D:5      | Reached skill level 1 in Evocations
  3942 | D:5      | Found Oporhomyi's Firing Range.
  3946 | D:5      | Bought 2 atropa-tipped darts for 12 gold pieces
  3946 | D:5      | Bought a +0 arbalest for 45 gold pieces
  3946 | D:5      | Bought 4 poisoned darts for 16 gold pieces
  4142 | D:5      | Found a staircase to the Ecumenical Temple.
  4167 | D:5      | Reached skill level 9 in Axes
  4167 | D:5      | Reached skill level 1 in Ranged Weapons
  4203 | D:5      | Found a radiant altar of Vehumet.
  4203 | D:5      | Found a sacrificial altar of Ru.
  4211 | D:5      | Found a stormy altar of Qazlal.
  4484 | D:6      | Found Taty's Hydra Hut.
  4485 | D:6      | Noticed a steam dragon
  4505 | D:6      | Reached XP level 8. HP: 59/71 MP: 7/7
  4591 | D:6      | Noticed a seven-headed hydra
  4744 | D:6      | Bought a +0 arbalest of freezing for 131 gold pieces
  4757 | D:6      | Found a sparkling altar of Nemelex Xobeh.
  4880 | D:6      | Found a hazy altar of Hepliaklqana.
  4923 | D:6      | Reached skill level 10 in Axes
  4971 | D:6      | Reached *** piety under Trog
  5130 | D:6      | Found a blossoming altar of Fedhas.
  5507 | D:7      | Noticed a troll
  5508 | D:7      | Noticed a cyclops
  5521 | D:7      | Killed a troll
  5522 | D:7      | Reached skill level 5 in Ranged Weapons
  5522 | D:7      | Reached XP level 9. HP: 32/81 MP: 8/8
  5697 | D:7      | Killed a cyclops
  5713 | D:7      | Noticed a deep elf pyromancer
  5790 | D:7      | Killed a deep elf pyromancer
  5791 | D:7      | Reached skill level 11 in Axes
  5937 | D:7      | Noticed Duvessa
  5940 | D:7      | Noticed a gargoyle
  5948 | D:7      | Killed Duvessa
  6213 | D:7      | Killed a gargoyle
  6226 | D:7      | Noticed Dowan
  6320 | D:7      | Killed Dowan
  6329 | D:7      | Reached XP level 10. HP: 83/90 MP: 9/9
  6377 | D:7      | Identified a scroll of acquirement
  6378 | D:7      | Acquired a +5 vorpal executioner's axe
  6569 | D:7      | Reached skill level 12 in Axes
  6804 | D:7      | Found an ancient bone altar of Kikubaaqudgha.
  7039 | D:7      | Noticed KennySheep's ghost (novice DgCj)
  7040 | D:7      | Found a runed translucent gate.
  7041 | D:7      | Found a runed translucent gate.
  7042 | D:7      | Found a runed translucent gate.
  7355 | D:8      | Reached skill level 13 in Axes
  8072 | D:8      | Noticed Erica
  8079 | D:8      | Killed Erica
  8079 | D:8      | Reached **** piety under Trog
  8080 | D:8      | Reached skill level 14 in Axes
  8251 | D:9      | Found a staircase to the Lair.
  8264 | D:9      | Reached skill level 15 in Axes
  8556 | D:9      | You fall into a shaft and drop 1 floor!
  8556 | D:10     | Entered Level 10 of the Dungeon
  8556 | D:10     | Found Ciadueh's Distillery.
  8572 | D:10     | Bought a potion of might for 56 gold pieces
  8572 | D:10     | Bought a potion of might for 56 gold pieces
  8572 | D:10     | Bought a potion of curing for 42 gold pieces
  8572 | D:10     | Bought 2 potions of might for 112 gold pieces
  8572 | D:10     | Bought a potion of heal wounds for 70 gold pieces
  8684 | D:9      | Reached XP level 11. HP: 84/95 MP: 10/10
  8779 | D:9      | Found a burning altar of Makhleb.
  8784 | D:9      | Reached skill level 16 in Axes
  9063 | D:9      | Found a glowing silver altar of Zin.
  9063 | D:9      | Noticed an angel
  9064 | D:9      | Noticed a green death
  9181 | D:10     | Found a transporter.
  9181 | D:10     | Found a transporter.
  9181 | D:10     | Found the +10 tower shield of Ignorance {rN+ Int-4}
  9616 | D:10     | Found Gitent's Weapon Shop.
  9637 | D:10     | Reached skill level 17 in Axes
  9766 | D:10     | Found a staircase to the Orcish Mines.
  9815 | D:10     | Found a shimmering blue altar of Sif Muna.
  9876 | D:10     | Noticed a dire elephant
  9881 | D:10     | Noticed a brown ugly thing
 10033 | D:10     | Found a one-way gate to the infinite horrors of the Abyss.
 10033 | D:10     | Noticed eyols's ghost (novice OpTm)
 10035 | D:10     | Noticed a quicksilver dragon
 10240 | Lair:1   | Entered Level 1 of the Lair of Beasts
 10337 | Lair:1   | Reached skill level 18 in Axes
 10448 | Lair:1   | Found a basalt altar of Yredelemnul.
 10790 | Lair:1   | Reached skill level 19 in Axes
 10804 | Lair:1   | Reached XP level 12. HP: 93/103 MP: 11/11
 10907 | Lair:1   | Noticed a catoblepas
 10914 | Lair:1   | Killed a catoblepas
 11809 | Lair:2   | Noticed Gastronok
 11819 | Lair:2   | Killed Gastronok
 11820 | Lair:2   | Reached skill level 20 in Axes
 11912 | Lair:2   | Found a runed translucent gate.
 11913 | Lair:2   | Found a runed translucent gate.
 11914 | Lair:2   | Found a runed translucent gate.
 11916 | Lair:2   | Noticed ytrimaz's ghost (journeyman FoFi)
 11996 | Lair:2   | Noticed a death yak
 11998 | Lair:2   | Killed ytrimaz's ghost
 12001 | Lair:2   | Noticed a death yak
 12002 | Lair:2   | Noticed a death yak
 12004 | Lair:2   | Noticed a death yak
 12004 | Lair:2   | Noticed a death yak
 12315 | Lair:2   | Noticed a death yak
 12315 | Lair:2   | Noticed a death yak
 12315 | Lair:2   | Noticed a death yak
 12315 | Lair:2   | Noticed a death yak
 12315 | Lair:2   | Noticed a death yak
 12330 | Lair:2   | Killed a death yak
 12330 | Lair:2   | HP: 1/104 [death yak (21)]
 12331 | Lair:2   | Reached skill level 5 in Evocations
 12331 | Lair:2   | Killed a death yak
 12331 | Lair:2   | Mangled by a death yak

Illustrated notes

Levels and vault maps discovered:
D:1:      dpeg_arrival_connections, layout_loops_ring
D:2:      minmay_spotlight, layout_basic, hangedman_decor_growths, uniq_terence
D:3:      layout_basic, gup_sewer_entry_glass
D:4:      layout_loops_cross, nicolae_gozag_cash_rules_everything_around_me,
          kennysheep_little_box
D:5:      layout_basic, mainiacjoe_overflow_concentric_impassable,
          gammafunk_temple_overflow_wave, nicolae_qazlal_general_emergency,
          nicolae_shop_firing_range
D:6:      layout_rooms, mainiacjoe_overflow_boulevard,
          mainiacjoe_overflow_catwalk, worldfamousw_hep_ancestral_shrine,
          doesnt_shop_hydraphobe
D:7:      layout_loops_ring, lemuel_mausoleum_altar_kikubaaqudgha,
          biasface_ghost_orc_armoury, minmay_the_grid_2x2
          [minmay_the_grid_outer_diamond, minmay_the_grid_outer_circle,
          minmay_the_grid_tree, minmay_the_grid_prize_inner_circle],
          uniq_duvessa
D:8:      layout_loops_cross, palyth_stone_intersect, uniq_erica
D:9:      layout_cave_pools, grunt_temple_overflow_order_and_chaos_2,
          lair_entry_dummy
D:10:     layout_basic, kennysheep_orc_sif_temple, orc_0_dummy,
          gammafunk_ghost_abyssal_escape, serial_shops, nicolae_stop_n_shop_1,
          shop
Lair:1:   layout_long_grid, basic_altar, disabler_island, grunt_megastairs_2
Lair:2:   layout_hall_layers, ebering_ghost_rock_garden, uniq_gastronok

Skill      XL: |  1  2  3  4  5  6  7  8  9 10 11 12 |
---------------+-------------------------------------+-----
Axes           | 4 5 6 7 8 9 10 11 15 19 20 | 20.3
Fighting       | 4 5 6 7 8 9 |  9.3
Evocations     | 1 3 4 5 |  5.0
Ranged Weapons | 2 5 7 |  7.8
Armour         | |  2.4
Dodging        | |  2.1

Action                   |  1- 3 |  4- 6 |  7- 9 | 10-12 || total
-------------------------+-------+-------+-------+-------++-------
Melee: Hand axe          |    62 |    68 |       |       ||   130
       Headbutt          |     8 |     8 |    30 |    45 ||    91
       War axe           |       |    31 |    99 |       ||   130
       Punch             |       |       |     4 |       ||     4
       Battleaxe         |       |       |    68 |     4 ||    72
       Executioner's axe |       |       |       |   253 ||   253
 Fire: Arbalest          |       |       |    43 |   101 ||   144
Throw: Stone             |     7 |     4 |     6 |       ||    17
       Boomerang         |       |       |       |     5 ||     5
Invok: Berserk           |     2 |     3 |     8 |     5 ||    18
       Trog's Hand       |       |       |     3 |    13 ||    16
Evoke: Wand              |       |     1 |     5 |    11 ||    17
  Use: Scroll            |     2 |     1 |     3 |    16 ||    22
       Potion            |       |       |       |     2 ||     2
 Stab: Distracted        |     1 |       |       |       ||     1
       Sleeping          |     1 |       |       |       ||     1
Armor: Animal skin       |    10 |       |       |       ||    10
       Scale mail        |       |    25 |       |       ||    25
       Troll leather arm |       |    13 |     6 |       ||    19
       Plate armour      |       |       |   110 |   151 ||   261
Dodge: Dodged            |    31 |    54 |    80 |   106 ||   271
Block: Buckler           |     8 |     8 |     5 |       ||    21

Table legend: (Time is in decaauts)
 A = Elapsed time spent in this place.
 B = Non-inter-level travel time spent in this place.
 C = Inter-level travel time spent in this place.
 D = Time resting spent in this place.
 E = Time spent auto-exploring this place.
 F = Levels seen in this place.
 G = Mean time per level.
                   A        B        C        D        E       F      G
               +--------+--------+--------+--------+--------+-----+--------+
         Total |  12681 |  12402 |    279 |   3216 |   6699 |  13 |  975.5 |
       Dungeon |  10357 |  10087 |    270 |   2339 |   5806 |  10 | 1035.7 |
          Lair |   2122 |   2114 |      8 |    823 |    893 |   2 | 1061.0 |
         Sewer |    202 |    202 |      0 |     53 |      0 |   1 |  202.0 |
               +--------+--------+--------+--------+--------+-----+--------+

Top non-repeatable levels by time:
     D:6: 1488 daAuts
     D:7: 1437 daAuts
  Lair:1: 1176 daAuts
     D:5: 1157 daAuts
    D:10: 1130 daAuts
     D:2: 1022 daAuts
  Lair:2: 945 daAuts
     D:8: 944 daAuts
     D:9: 917 daAuts
     D:3: 858 daAuts
     D:1: 736 daAuts
     D:4: 665 daAuts
   Sewer: 202 daAuts
